 Dungeon Crawl Stone Soup version 0.29.1-15-g9cfb28693d (webtiles) character file.

Game seed: 15918384579564699326

1235 101zpm the Magician (level 8, -8/50 HPs)
             Began as a Djinni Fire Elementalist on Mar 7, 2023.
             Killed by divine providence
             ... invoked by an orc priest
              (12 damage)
             ... on level 6 of the Dungeon.
             The game lasted 00:26:31 (8073 turns).

101zpm the Magician (Djinni Fire Elementalist)      Turns: 8073, Time: 00:26:31

Health: -8/50      AC:  6    Str:  7    XL:     8   Next: 77%
Gold:   123        EV: 12    Int: 20    God:
                   SH:  0    Dex: 13

rFire   + + .      SeeInvis .   v - +4 short sword
rCold   x . .      Faith    .   (no shield)
rNeg    . . .      Spirit   .   x - +0 steam dragon scales
rPois   ∞          Reflect  .   j - +0 helmet
rElec   .          Harm     .   (no cloak)
rCorr   .          Rampage  .   (no gloves)
Will    .....                   (boots unavailable)
Stlth   +.........              (no amulet)
HPRegen 0.16/turn               (no ring)
MPRegen 0.00/turn               (no ring)

@: confused, flying
A: sickness immunity, fire resistance 2, cold vulnerability 1, float, innate
caster, HP casting, extra vitality 1
a: no special abilities


You were on level 6 of the Dungeon.
You visited 1 branch of the dungeon, and saw 6 of its levels.
You also visited: Sewer.

You collected 201 gold pieces.
You spent 78 gold pieces at shops.

Inventory:

Hand Weapons
 u - a +0 short sword of draining
 v - a +4 short sword (weapon)
Missiles
 w - 15 stones
 A - 2 javelins
Armour
 j - a +0 helmet (worn)
 x - +0 steam dragon scales (worn)
Jewellery
 r - an amulet of faith
Scrolls
 d - a scroll of identify
 f - a scroll of vulnerability {unknown}
 g - a scroll of acquirement {unknown}
 h - a scroll of enchant weapon {unknown}
 i - a scroll of blinking
 k - 3 scrolls of poison
 l - 7 scrolls of teleportation
 m - a scroll of fog {unknown}
 o - a scroll of fear {unknown}
 p - 3 scrolls of magic mapping
 s - a scroll of summoning {unknown}
 y - 2 scrolls of enchant armour
 z - a scroll of amnesia {unknown}
Potions
 a - a potion of magic {unknown}
 b - 2 potions of degeneration {unknown}
 c - 3 potions of might {unknown}
 e - 2 potions of haste {unknown}
 n - 3 potions of mutation {unknown}
 q - 2 potions of curing {unknown}
 t - a potion of flight {unknown}


   Skills:
 + Level 2.6 Dodging
 + Level 3.1 Stealth
 + Level 7.6 Spellcasting


You had 3 spell levels left.
You knew the following spells:

 Your Spells              Type           Power      Damage    Failure   Level
a - Foxfire               Conj/Fire      100%       2x1d9     1%          1
b - Scorch                Fire           76%        2d9       1%          2
c - Conjure Flame         Conj/Fire      38%        6-21      1%          3
d - Inner Flame           Hex/Fire       38%        N/A       1%          3
e - Flame Wave            Conj/Fire      38%        2d10      3%          4
f - Sting                 Tmut/Pois      100%       1d8       1%          1
g - Passwall              Tmut/Erth      31%        N/A       1%          2
h - Mephitic Cloud        Conj/Pois/Air  38%        N/A       1%          3
Your spell library was empty.

Dungeon Overview and Level Annotations

Branches:
Dungeon (6/15)              Sewer (visited)
 Temple: D:4-7

Altars:

Shops:
D:3 (?   D:4 :   D:5 (


Innate Abilities, Weirdness & Mutations

You are immune to sickness and miasma.
You are immune to poison.
Your flesh is very heat resistant. (rF++)
You are vulnerable to cold. (rC-)
You float through the air rather than walking.
You learn spells naturally, not from books.
Your magical power is your life essence.
You have superior vitality. (+4 MHP)


Message History

Press: ? - help, Q - select action, (/) - cycle Dir - look around, f - activate You conjure some foxfire!
The orc wizard shouts!
* * * LOW HITPOINT WARNING * * *
Casting: Foxfire (safe; 1% risk of failure)
Press: ? - help, Q - select action, (/) - cycle Dir - look around, f - activate You conjure some foxfire!
* * * LOW HITPOINT WARNING * * *
Casting: Foxfire (safe; 1% risk of failure)
Confirm with . or Enter, or press ? or * to list all spells.
Aiming: Inner Flame (safe; 1% risk of failure)
Press: ? - help, Dir - move target, f - orc wizard
Aim: an orc wizard, wielding a +0 dagger and wearing a +0 robe (chance to affect: 88%)
The orc wizard is filled with an inner flame.
* * * LOW HITPOINT WARNING * * *
The foxfire hits the orc priest but does no damage.
The foxfire hits the orc priest.
Flame seeps out of the orc priest.
The orc priest is moderately wounded.
The foxfire hits the orc priest but does no damage.
The orc priest is moderately wounded.
The orc priest is engulfed in blazing flames.
Flame seeps out of the orc priest.
The orc wizard points at you and mumbles some strange words.
You are confused.
The foxfire hits the orc priest but does no damage.
The orc priest is heavily wounded.
You're too confused to cast spells.
You bump into the rock wall.
A necrophage comes into view.
The orc wizard gestures wildly while chanting.
The orc wizard flickers and vanishes!
Deactivating autopickup; reactivate with Ctrl-A.
You're too confused to cast spells.
You bump into the rock wall.
The orc priest attacks as you move away!
The orc priest barely misses you.
There is a stone staircase leading up, spattered with blood here.
The orc priest calls down the wrath of Beogh upon you.
Beogh smites you!
You die...

#######
#@o...#
###..)n.#
###.....#
##....
#.) .


You could see a necrophage and an orc priest (inner flame).

Vanquished Creatures
  A steam dragon (D:4)
  A sky beast (D:6)
  2 orc warriors (D:4)
  2 ogres
  A kobold brigand (D:5)
  A howler monkey (D:4)
  An orc priest (D:4)
  2 hounds
  Terence (D:2)
  An iguana (D:4)
  2 orc wizards (D:4)
  Natasha (thrice) (D:2)
  3 gnolls (D:4)
  4 river rats (Sewer)
  10 adders
  A shadow imp (D:6)
  A white imp (D:6)
  3 worms
  A dart slug (D:3)
  5 orcs
  7 ball pythons
  4 bats
  9 endoplasms
  6 giant cockroaches
  7 hobgoblins
  6 jackals
  19 kobolds
  2 quokkas
  9 frilled lizards
  7 goblins
  14 rats
136 creatures vanquished.

Vanquished Creatures (others)
  An ufetubus (D:4)
  328 foxfires
  33 plants (D:5)
362 creatures vanquished.

Grand Total: 498 creatures vanquished

Notes
Turn   | Place    | Note
-------+----------+-------------------------------------------
     0 | D:1      | 101zpm the Djinni Fire Elementalist began the quest for the
                  | Orb.
     0 | D:1      | 101zpm set off with the following spells memorised:
                  | Foxfire, Scorch, Conjure Flame, Inner Flame, Flame Wave.
     0 | D:1      | Reached XP level 1. HP: 15/15 MP: 0/0
   238 | D:1      | Reached XP level 2. HP: 15/21 MP: 0/0
   976 | D:1      | Found a faded altar of an unknown god.
   981 | D:1      | Reached skill level 3 in Spellcasting
  1065 | D:1      | Reached XP level 3. HP: 22/25 MP: 0/0
  1065 | D:1      | Learned a level 1 spell: Sting
  2244 | D:2      | Noticed Terence
  2251 | D:2      | Killed Terence
  2252 | D:2      | Reached XP level 4. HP: 19/31 MP: 0/0
  2566 | D:2      | Noticed Natasha
  2571 | D:2      | Killed Natasha
  2784 | D:2      | Reached XP level 5. HP: 27/35 MP: 0/0
  2784 | D:2      | Learned a level 2 spell: Passwall
  2862 | D:2      | Noticed an ogre
  2867 | D:2      | Killed an ogre
  2868 | D:2      | Reached skill level 4 in Spellcasting
  2869 | D:2      | Noticed Natasha
  2873 | D:2      | Killed Natasha
  2874 | D:2      | Reached XP level 6. HP: 21/40 MP: 0/0
  3056 | D:2      | Noticed Natasha
  3058 | D:2      | Killed Natasha
  3303 | D:3      | Found Jashrara's Antique Weapon Boutique.
  4248 | D:3      | Found Koerghik's Magic Scroll Shoppe.
  4306 | D:3      | Reached skill level 5 in Spellcasting
  4342 | D:3      | Bought a scroll of identify for 26 gold pieces
  4342 | D:3      | Bought a scroll of identify for 26 gold pieces
  4342 | D:3      | Bought a scroll of identify for 26 gold pieces
  4758 | D:4      | Noticed a steam dragon
  4762 | D:4      | Killed a steam dragon
  4763 | D:4      | Reached XP level 7. HP: 21/45 MP: 0/0
  4763 | D:4      | Learned a level 3 spell: Mephitic Cloud
  4862 | D:4      | Reached skill level 6 in Spellcasting
  5086 | D:4      | Found a glowing drain.
  5095 | Sewer    | Entered a sewer
  5769 | Sewer    | Reached XP level 8. HP: 24/50 MP: 0/0
  6417 | D:4      | Found Plog's Book Shoppe.
  6989 | D:4      | HP: 2/50 [something/magic dart (3)]
  7802 | D:5      | Entered Level 5 of the Dungeon
  7802 | D:5      | Found Watamell's Weapon Shoppe.
  7872 | D:5      | Reached skill level 7 in Spellcasting
  8073 | D:6      | Killed from afar by an orc priest

Illustrated notes

Levels and vault maps discovered:
D:1:      beargit_arrival_greenhouse, layout_loops_ring,
          ebering_ecumenical_altar_webs, ebering_dispersal_statue_hall
D:2:      layout_basic, uniq_natasha, uniq_terence
D:3:      layout_basic, serial_shops, nicolae_shop_stone,
          nicolae_shop_behind_doors, minmay_tree_intersection
D:4:      layout_cave_pods, serial_shops, nicolae_shop_statue_plus,
          cheibrodos_sewer_entry_drain
D:5:      kennysheep_kobold_camp, layout_loops_ring, serial_shops, shop,
          hex_large, uniq_duvessa
D:6:      layout_rooms, lemuel_doored_altar, minmay_crossroads, uniq_sigmund

Skill      XL: |  1  2  3  4  5  6  7  8 |
---------------+-------------------------+-----
Spellcasting   | 3 4 5 6 7 |  7.6
Stealth        | 2 3 |  3.1
Dodging        | |  2.6

Action                   |  1- 3 |  4- 6 |  7- 9 || total
-------------------------+-------+-------+-------++-------
Throw: Javelin           |       |       |     1 ||     1
 Cast: Foxfire           |    78 |    36 |    84 ||   198
       Scorch            |     8 |    18 |    20 ||    46
       Inner Flame       |     6 |    32 |    61 ||    99
       Conjure Flame     |     1 |       |       ||     1
       Mephitic Cloud    |       |       |     1 ||     1
  Use: Scroll            |       |       |     7 ||     7
Armor: Robe              |     1 |     2 |       ||     3
       Steam dragon scal |       |       |     3 ||     3
Dodge: Dodged            |     1 |     2 |     9 ||    12
